2886 views
Uploaded 2020-03-07 20:21:17
Game version 1.32.2
9:35 long 3on3 ladder game on (6)Monsoon_LV
Saved by BEARAND
2886 views
Uploaded 2020-03-07 20:21:17
Game version 1.32.2
9:35 long 3on3 ladder game on (6)Monsoon_LV


37 units @ 2.8k
/ 0k
97 buildings @ 5.7k
/ 2.9k


| Healing Salve | 2 | 200 |
| Lesser Clarity Potion | 3 | 210 |
| Scroll of Speed | 1 | 50 |
| Boots of Speed | 1 | 250 |
| Staff of Teleportation | 1 | 150 |
| total: | 8 | 860g |
| Peon | 10 | 750 | / | 0 |
| total: | 10 | 750g | / | 0w |
| Watch Tower | 14 | 1540 | / | 1120 |
| Altar of Storms | 1 | 180 | / | 50 |
| Orc Burrow | 2 | 320 | / | 80 |
| War Mill | 1 | 205 | / | 0 |
| Voodoo Lounge | 2 | 260 | / | 60 |
| Stronghold | 1 | 315 | / | 190 |
| Fortress | 1 | 325 | / | 190 |
| total: | 20 | 2505g | / | 1310w |
| 0:01 | Peon |
| 0:03 | Altar of Storms |
| 0:04 | Peon |
| 0:19 | Orc Burrow |
| 0:21 | Peon |
| 0:32 | Peon |
| 0:58 | War Mill |
| 0:59 | Peon |
| 1:16 | Peon |
| 1:22 | Voodoo Lounge |
| 1:26 | Peon |
| 1:36 | Peon |
| 1:48 | Peon |
| 2:09 | Watch Tower |
| 2:11 | Wind Walk |
| 2:13 | Peon |
| 2:27 | Healing Salve |
| 2:27 | Lesser Clarity Potion |
| 2:27 | Scroll of Speed |
| 2:28 | Healing Salve |
| 2:29 | Lesser Clarity Potion |
| 2:33 | Watch Tower |
| 3:02 | Stronghold |
| 3:16 | Watch Tower |
| 3:27 | Watch Tower |
| 3:53 | Watch Tower |
| 3:58 | Orc Burrow |
| 4:20 | Boots of Speed |
| 4:21 | Staff of Teleportation |
| 4:33 | Voodoo Lounge |
| 4:45 | Watch Tower |
| 5:33 | Watch Tower |
| 6:06 | Watch Tower |
| 6:23 | Watch Tower |
| 6:34 | Fortress |
| 6:41 | Watch Tower |
| 6:49 | Lesser Clarity Potion |
| 7:02 | Critical Strike |
| 7:06 | Critical Strike |
| 7:25 | Healing Wave |
| 7:28 | Watch Tower |
| 7:29 | Watch Tower |
| 7:34 | Watch Tower |
| 7:35 | Watch Tower |
| Right click | 468 |
| Assign group | 347 |
| Select group | 108 |
| Select | 64 |
| Build/train/purchase | 49 |
| Use ability | 13 |
| Item give/drop | 1 |

| Peasant | 15 | 1125 | / | 0 |
| total: | 15 | 1125g | / | 0w |
| Scout Tower | 44 | 1320 | / | 880 |
| Guard Tower | 22 | 1540 | / | 1100 |
| Arcane Tower | 2 | 140 | / | 100 |
| Altar of Kings | 1 | 180 | / | 50 |
| Farm | 4 | 320 | / | 80 |
| Lumber Mill | 1 | 120 | / | 0 |
| Keep | 1 | 320 | / | 210 |
| total: | 50 | 1940g | / | 1010w |
| 0:01 | Peasant |
| 0:05 | Altar of Kings |
| 0:09 | Peasant |
| 0:17 | Farm |
| 0:24 | Peasant |
| 0:39 | Peasant |
| 0:53 | Lumber Mill |
| 0:55 | Peasant |
| 1:02 | Peasant |
| 1:06 | Farm |
| 1:18 | Peasant |
| 1:24 | Peasant |
| 1:42 | Scout Tower |
| 1:42 | Scout Tower |
| 1:48 | Scout Tower |
| 1:51 | Peasant |
| 2:08 | Guard Tower |
| 2:14 | Guard Tower |
| 2:22 | Scout Tower |
| 2:37 | Scout Tower |
| 2:41 | Blizzard |
| 3:01 | Peasant |
| 3:01 | Peasant |
| 3:02 | Improved Masonry |
| 3:04 | Guard Tower |
| 3:14 | Peasant |
| 3:16 | Guard Tower |
| 3:43 | Scout Tower |
| 3:45 | Scout Tower |
| 3:46 | Scout Tower |
| 3:46 | Scout Tower |
| 3:47 | Scout Tower |
| 3:47 | Peasant |
| 3:59 | Brilliance Aura |
| 4:13 | Guard Tower |
| 4:21 | Farm |
| 4:24 | Guard Tower |
| 4:25 | Scout Tower |
| 4:25 | Scout Tower |
| 4:26 | Scout Tower |
| 4:27 | Scout Tower |
| 4:36 | Peasant |
| 4:40 | Farm |
| 4:43 | Guard Tower |
| 5:16 | Guard Tower |
| 5:31 | Keep |
| 5:35 | Scout Tower |
| 5:36 | Scout Tower |
| 5:38 | Scout Tower |
| 5:38 | Scout Tower |
| 5:50 | Guard Tower |
| 5:50 | Scout Tower |
| 5:51 | Scout Tower |
| 5:51 | Scout Tower |
| 6:08 | Scout Tower |
| 6:10 | Scout Tower |
| 6:26 | Guard Tower |
| 6:49 | Guard Tower |
| 6:50 | Guard Tower |
| 6:53 | Scout Tower |
| 6:54 | Scout Tower |
| 6:55 | Scout Tower |
| 6:58 | Scout Tower |
| 6:58 | Scout Tower |
| 6:59 | Scout Tower |
| 7:02 | Scout Tower |
| 7:03 | Scout Tower |
| 7:04 | Scout Tower |
| 7:23 | Guard Tower |
| 7:32 | Guard Tower |
| 7:33 | Guard Tower |
| 7:44 | Scout Tower |
| 7:45 | Scout Tower |
| 7:46 | Scout Tower |
| 7:46 | Scout Tower |
| 7:53 | Guard Tower |
| 7:55 | Scout Tower |
| 7:56 | Scout Tower |
| 7:56 | Scout Tower |
| 7:57 | Scout Tower |
| 8:05 | Guard Tower |
| 8:07 | Peasant |
| 8:17 | Guard Tower |
| 8:30 | Guard Tower |
| 8:43 | Scout Tower |
| 8:43 | Scout Tower |
| 8:45 | Scout Tower |
| 8:45 | Scout Tower |
| 8:57 | Guard Tower |
| 9:32 | Guard Tower |
| 9:32 | Arcane Tower |
| 9:33 | Guard Tower |
| 9:34 | Arcane Tower |
| Right click | 334 |
| Select | 162 |
| Select group | 117 |
| Assign group | 110 |
| Build/train/purchase | 51 |
| Use ability | 8 |
| Minimap ping | 6 |


| Staff of Teleportation | 1 | 150 |
| Boots of Speed | 1 | 250 |
| Healing Salve | 2 | 200 |
| total: | 4 | 600g |
| Peasant | 12 | 900 | / | 0 |
| total: | 12 | 900g | / | 0w |
| Scout Tower | 21 | 630 | / | 420 |
| Arcane Tower | 1 | 70 | / | 50 |
| Guard Tower | 17 | 1190 | / | 850 |
| Altar of Kings | 1 | 180 | / | 50 |
| Farm | 4 | 320 | / | 80 |
| Lumber Mill | 1 | 120 | / | 0 |
| Keep | 1 | 320 | / | 210 |
| Castle | 1 | 360 | / | 210 |
| total: | 27 | 1250g | / | 550w |
| 0:01 | Peasant |
| 0:01 | Peasant |
| 0:07 | Altar of Kings |
| 0:11 | Peasant |
| 0:17 | Farm |
| 0:24 | Peasant |
| 0:44 | Peasant |
| 1:02 | Lumber Mill |
| 1:03 | Peasant |
| 1:19 | Scout Tower |
| 1:24 | Peasant |
| 1:32 | Farm |
| 1:38 | Peasant |
| 1:41 | Scout Tower |
| 1:44 | Peasant |
| 1:47 | Arcane Tower |
| 2:03 | Scout Tower |
| 2:04 | Peasant |
| 2:06 | Blizzard |
| 2:10 | Peasant |
| 2:11 | Peasant |
| 2:13 | Guard Tower |
| 2:14 | Scout Tower |
| 3:12 | Guard Tower |
| 3:14 | Guard Tower |
| 3:30 | Scout Tower |
| 3:30 | Scout Tower |
| 3:31 | Scout Tower |
| 3:32 | Scout Tower |
| 3:32 | Scout Tower |
| 3:47 | Staff of Teleportation |
| 3:47 | Boots of Speed |
| 3:56 | Keep |
| 3:58 | Farm |
| 3:59 | Farm |
| 4:02 | Healing Salve |
| 4:37 | Improved Masonry |
| 4:39 | Guard Tower |
| 5:40 | Scout Tower |
| 5:40 | Scout Tower |
| 5:40 | Scout Tower |
| 5:41 | Scout Tower |
| 5:41 | Scout Tower |
| 5:53 | Scout Tower |
| 5:54 | Scout Tower |
| 5:54 | Scout Tower |
| 5:54 | Scout Tower |
| 6:17 | Guard Tower |
| 6:17 | Guard Tower |
| 6:23 | Advanced Masonry |
| 6:35 | Guard Tower |
| 7:15 | Brilliance Aura |
| 7:16 | Scout Tower |
| 7:17 | Scout Tower |
| 7:25 | Storm Bolt |
| 7:28 | Healing Salve |
| 7:43 | Guard Tower |
| 7:46 | Guard Tower |
| 7:47 | Castle |
| 8:20 | Guard Tower |
| 8:22 | Scout Tower |
| Right click | 810 |
| Select | 172 |
| Select group | 79 |
| Build/train/purchase | 77 |
| Chat | 27 |
| Use ability | 18 |
| Assign group | 8 |
| Misc. action | 3 |
| Minimap ping | 3 |
| Item give/drop | 1 |
/ 0k
20 buildings @ 3.2k
/ 0.9k

| Peasant | 3 | 225 | / | 0 |
| Footman | 1 | 135 | / | 0 |
| total: | 4 | 360g | / | 0w |
| Altar of Kings | 1 | 180 | / | 50 |
| Farm | 2 | 160 | / | 40 |
| Barracks | 1 | 160 | / | 60 |
| Blacksmith | 1 | 140 | / | 60 |
| Lumber Mill | 1 | 120 | / | 0 |
| Arcane Vault | 1 | 130 | / | 30 |
| total: | 7 | 890g | / | 240w |
| 0:10 | Altar of Kings |
| 0:16 | Peasant |
| 0:17 | Peasant |
| 0:17 | Peasant |
| 0:42 | Farm |
| 1:05 | Barracks |
| 1:20 | Blacksmith |
| 1:32 | Lumber Mill |
| 2:15 | Arcane Vault |
| 2:19 | Footman |
| 2:36 | Farm |
| 2:50 | Black Gunpowder |
| 3:11 | Holy Light |
| Select | 26 |
| Right click | 19 |
| Build/train/purchase | 8 |
| Use ability | 3 |


| Peasant | 10 | 750 | / | 0 |
| Footman | 5 | 675 | / | 0 |
| total: | 15 | 1425g | / | 0w |
| Farm | 2 | 160 | / | 40 |
| Altar of Kings | 1 | 180 | / | 50 |
| Barracks | 1 | 160 | / | 60 |
| Town Hall | 1 | 385 | / | 205 |
| Keep | 1 | 320 | / | 210 |
| total: | 5 | 885g | / | 355w |
| 0:05 | Peasant |
| 0:05 | Peasant |
| 0:05 | Peasant |
| 0:17 | Farm |
| 0:18 | Farm |
| 0:23 | Altar of Kings |
| 0:26 | Peasant |
| 0:39 | Peasant |
| 1:04 | Peasant |
| 1:09 | Peasant |
| 1:26 | Peasant |
| 1:56 | Peasant |
| 2:09 | Peasant |
| 2:36 | Keep |
| 2:39 | Summon Water Elemental |
| 3:25 | Barracks |
| 3:56 | Brilliance Aura |
| 4:02 | Town Hall |
| 5:24 | Footman |
| 6:20 | Storm Bolt |
| 6:45 | Footman |
| 6:45 | Footman |
| 6:46 | Footman |
| 6:46 | Footman |
| Right click | 226 |
| Select | 92 |
| Build/train/purchase | 34 |
| Select group | 21 |
| Use ability | 10 |
| Assign group | 2 |
| Remove unit | 1 |

| Peon | 23 | 1725 | / | 0 |
| Grunt | 7 | 1400 | / | 0 |
| total: | 30 | 3125g | / | 0w |
| Altar of Storms | 1 | 180 | / | 50 |
| Orc Burrow | 4 | 640 | / | 160 |
| Barracks | 2 | 360 | / | 100 |
| War Mill | 1 | 205 | / | 0 |
| total: | 8 | 1385g | / | 310w |
| 0:06 | Peon |
| 0:08 | Peon |
| 0:08 | Peon |
| 0:09 | Peon |
| 0:10 | Peon |
| 0:11 | Peon |
| 0:11 | Peon |
| 0:27 | Altar of Storms |
| 0:51 | Orc Burrow |
| 0:52 | Orc Burrow |
| 0:53 | Orc Burrow |
| 1:07 | Peon |
| 1:07 | Peon |
| 1:07 | Peon |
| 1:37 | Orc Burrow |
| 1:52 | Peon |
| 1:52 | Peon |
| 1:52 | Peon |
| 2:06 | Barracks |
| 2:30 | Barracks |
| 2:48 | War Mill |
| 3:16 | Grunt |
| 3:16 | Grunt |
| 3:50 | Grunt |
| 4:22 | Mirror Image |
| 4:29 | Grunt |
| 4:35 | Grunt |
| 5:36 | Grunt |
| 6:40 | Peon |
| 6:57 | Peon |
| 7:07 | Peon |
| 7:22 | Peon |
| 7:28 | Peon |
| 7:56 | Grunt |
| 8:07 | Peon |
| 8:10 | Peon |
| 8:30 | Peon |
| 8:30 | Peon |
| 8:30 | Peon |
| Right click | 350 |
| Select | 77 |
| Build/train/purchase | 34 |
| Remove unit | 5 |
| Minimap ping | 2 |
⇛